 Dungeon Crawl Stone Soup version 0.28-a0-429-g1448048969 (webtiles) character file.

Game seed: 7082687762214072358

12 Sweetruy1997 the Insei (level 2, 0/22 HPs)
             Began as a Djinni Transmuter on Sept 10, 2021.
             Slain by Natasha (8 damage)
             ... on level 2 of the Dungeon.
             The game lasted 00:02:26 (1101 turns).

Sweetruy1997 the Insei (Djinni Transmuter)          Turns: 1101, Time: 00:02:27

Health: 0/22       AC:  2    Str:  9    XL:     2   Next: 45%
Gold:   30         EV: 12    Int: 14    God:
                   SH:  0    Dex: 13

rFire   + + .      SeeInvis .   b - +0 club
rCold   x . .      Faith    .   (no shield)
rNeg    . . .      Spirit   .   a - +0 robe
rPois   ∞          Reflect  .   (helmet currently unavailable)
rElec   .          Harm     .   (no cloak)
rCorr   .          Rampage  .   (no gloves)
Will    .....                   (boots unavailable)
Stlth   +.........              (no amulet)
HPRegen 0.07/turn               (no ring)
MPRegen 0.00/turn               (no ring)

@: appendages (expiring), wereblooded, flying
A: horns 2, flying, sickness immunity, fire resistance 2, cold vulnerability 1,
float, innate caster, hp casting, extra vitality 1
a: End Transformation


You were on level 2 of the Dungeon.
You had temporarily grown beastly horns.
You visited 1 branch of the dungeon, and saw 2 of its levels.

You collected 30 gold pieces.

Inventory:

Hand Weapons
 b - a +0 club (weapon)
Armour
 a - a +0 robe (worn)
Scrolls
 c - a scroll of noise {unknown}
 d - a scroll of vulnerability {unknown}
 g - a scroll of magic mapping {unknown}
Potions
 e - a potion of magic {unknown}
 f - a potion of might {unknown}


   Skills:
 + Level 1.0 Fighting
 + Level 0.1 Maces & Flails
 + Level 2.5 Dodging
 - Level 3.0 Unarmed Combat
 + Level 2.0 Spellcasting


You couldn't memorise any spells.
You knew the following spells:

 Your Spells              Type           Power      Damage    Failure   Level
a - Beastly Appendage     Tmut           14%        N/A       10%         1
b - Wereblood             Tmut           7%         N/A       16%         2
c - Spider Form           Tmut/Pois      3%         N/A       30%         3
d - Ice Form              Ice/Tmut       7%         N/A       69%         4
Your spell library was empty.

Dungeon Overview and Level Annotations

Branches:
Dungeon (2/15)

Altars:

Shops:
D:1 *

Annotations:
D:2 Natasha


Innate Abilities, Weirdness & Mutations

You have temporarily grown beastly horns.
You are flying.
You are immune to sickness and miasma.
You are immune to poison.
Your flesh is very heat resistant. (rF++)
You are vulnerable to cold. (rC-)
You float through the air rather than walking.
You learn spells naturally, not from books.
Your magical power is your life essence.
You have superior vitality. (+4 HP)


Message History

You hit the rat.
You kill the rat!
No target in view!
HP restored.
Done exploring.
You need no library to learn spells.
Unknown command.
Done exploring.
There is a stone staircase leading down here.
You fly downwards.
Found 11 gold pieces.
There is a stone staircase leading up here.
You now have 30 gold pieces (gained 11).
A hobgoblin comes into view.
The hobgoblin shouts!
A hobgoblin is nearby!
You grow a pair of large bovine horns.
Your transformation is almost over.
A frilled lizard comes into view.
Natasha, Servant of Life and Death comes into view.
Natasha hisses angrily.
You hit the hobgoblin. Your headbutt misses the hobgoblin.
The hobgoblin is severely wounded.
Natasha mumbles some strange words.
The hobgoblin hits you but does no damage.
You hit the hobgoblin.
You kill the hobgoblin!
The white imp gestures at you. The puff of frost hits you!
You feel a terrible chill!
Ouch! That really hurt!
Casting: Beastly Appendage (safe; 10% risk of failure)
Confirm with . or Enter, or press ? or * to list all spells.
Your blood is infused with primal strength.
Natasha mewls in sadness.
You see here a hobgoblin corpse.
You barely miss Natasha. Natasha claws you but does no damage.
Natasha barely misses you.
You hit Natasha but do no damage. The frilled lizard misses you.
Natasha claws you!
You die...

#........#..#
#.....#..#..#
.....#.....#
#.#..#.<..##
.####.#......##
......#..#####
#........#
#........#
#.....5@##
#.....lh#
........#
#.......#
#.......#
#.......#
.........
.....###.


You could see Natasha, a white imp (summoned) and a frilled lizard.

Vanquished Creatures
  3 hobgoblins
  A ball python (D:1)
  A bat (D:1)
  A frilled lizard (D:1)
  A goblin (D:1)
  3 kobolds (D:1)
  3 rats (D:1)
13 creatures vanquished.

Notes
Turn   | Place    | Note
-------+----------+-------------------------------------------
     0 | D:1      | Sweetruy1997 the Djinni Transmuter began the quest for the
                  | Orb.
     0 | D:1      | Reached XP level 1. HP: 17/17 MP: 0/0
    80 | D:1      | Found a faded altar of an unknown god.
   313 | D:1      | Reached XP level 2. HP: 7/22 MP: 0/0
   864 | D:1      | Found Giawiseo's General Store.
  1095 | D:2      | Noticed Natasha
  1101 | D:2      | Slain by Natasha

Illustrated notes

Levels and vault maps discovered:
D:1:      nagdon_arrival_double_spiral, layout_rooms,
          ebering_ecumenical_altar_rust, serial_shops, nicolae_square_shop
D:2:      layout_rooms, minmay_misc_feat_columns, uniq_natasha,
          uniq_crazy_yiuf_cottage

Skill      XL: |  1  2 |
---------------+-------+-----
Spellcasting   | 2 |  2.0
Fighting       | |  1.0
Maces & Flails | |  0.1
Dodging        | |  2.5
Unarmed Combat | |  3.0

Action                   || total
-------------------------++-------
Melee: Club              ||    46
       Headbutt          ||     1
 Cast: Beastly Appendage ||     7
       Wereblood         ||     1
Armor: Robe              ||    14
Dodge: Dodged            ||    44

Table legend: (Time is in decaauts)
 A = Elapsed time spent in this place.
 B = Non-inter-level travel time spent in this place.
 C = Inter-level travel time spent in this place.
 D = Time resting spent in this place.
 E = Time spent auto-exploring this place.
 F = Levels seen in this place.
 G = Mean time per level.
                   A        B        C        D        E       F      G
               +--------+--------+--------+--------+--------+-----+--------+
         Total |   1113 |   1087 |     26 |    382 |    588 |   2 |  556.5 |
       Dungeon |   1113 |   1087 |     26 |    382 |    588 |   2 |  556.5 |
               +--------+--------+--------+--------+--------+-----+--------+

Top non-repeatable levels by time:
     D:1: 1095 daAuts
     D:2: 18 daAuts
